 Dungeon Crawl Stone Soup version 0.26.1-2-gb8aa6d0cf2 (webtiles) character file.

Game seed: 8757716981334770047

88739 Qrupt the Bludgeoner (level 15, -23/148 (150) HPs)
             Began as a Palentonga Fighter on Feb 15, 2021.
             Was an Initiate of Gozag.
             Blown up by an orb spider (33 damage)
             ... with an orb of destruction
             ... on level 1 of the Spider Nest.
             The game lasted 01:12:28 (41320 turns).

Qrupt the Bludgeoner (Palentonga Fighter)          Turns: 41320, Time: 01:12:29

HP:   -23/148 (150) AC: 18    Str: 39    XL:     15   Next: 47%
MP:   15/15         EV:  6    Int:  7    God:    Gozag
Gold: 6232          SH:  0    Dex: 11    Spells: 14/14 levels left

rFire    + . .     SeeInvis +   u - +2 morningstar
rCold    + . .     Faith    .   c - +0 kite shield
rNeg     + . .     Spirit   .   X - +1 chain mail of the Falcon {Str+5}
rPois    +         Reflect  .   y - +0 helmet "Soischaw" {Int+4}
rElec    .         Harm     .   (no cloak)
rCorr    .         Rampage  .   (no gloves)
Will     +....                  (no barding)
Stlth    ..........             f - amulet of the acrobat
HPRegen  0.34/turn              x - ring "Ofiason" {*Contam rF+ rC+ Str+7 Int-5}
MPRegen  0.14/turn              K - ring "Xejal" {+Blink rPois rN+ Str+2}

@: confused, lethally poisoned (-23 -> -32), studying Evocations, lightly
drained, curled up
A: large, rugged brown scales 3, see invisible, deformed body, roll 1, armoured
tail, reflexive curl
a: Rolling Charge, Renounce Religion, Evoke Blink, Potion Petition, Call
Merchant, Bribe Branch


You were on level 1 of the Spider Nest.
You worshipped Gozag.
Gozag was greatly pleased with you.
You visited 4 branches of the dungeon, and saw 23 of its levels.
You also visited: Bailey.

You collected 7693 gold pieces.
You spent 656 gold pieces at shops.
You paid 805 gold pieces to Gozag.

Inventory:

Hand Weapons
 u - a +2 morningstar (weapon)
 W - a +3 dire flail of holy wrath
Armour
 c - a +0 kite shield (worn)
 g - the +1 leather armour of the Cuttlefish {rElec rPois rC+, unknown}
   (You found it on level 15 of the Dungeon)

   It protects you from cold.
   It insulates you from electricity.
   It protects you from poison.
 y - the +0 helmet "Soischaw" (worn) {Int+4}
   (You found it on level 15 of the Dungeon)

   It affects your intelligence (+4).
 A - the +0 robe of the Armadillo {Rampage *Slow rElec}
   (You found it on level 6 of the Dungeon)

   It insulates you from electricity.
   It may slow you when you take damage.
   It bestows one free step when moving towards enemies.
 X - the +1 chain mail of the Falcon (worn) {Str+5}
   (You found it on level 6 of the Lair of Beasts)

   It affects your strength (+5).
Jewellery
 f - an amulet of the acrobat (around neck)
 o - an uncursed ring of protection from fire
 x - the ring "Ofiason" (left hand) {*Contam rF+ rC+ Str+7 Int-5}
   (You acquired it on level 12 of the Dungeon)

   [ring of protection from cold]

   It affects your strength (+7).
   It affects your intelligence (-5).
   It protects you from fire.
   It protects you from cold.
   It causes magical contamination when unequipped.
 K - the ring "Xejal" (right hand) {+Blink rPois rN+ Str+2}
   (You bought it in a shop on level 9 of the Dungeon)

   [ring of poison resistance]

   It affects your strength (+2).
   It protects you from poison.
   It protects you from negative energy.
   It lets you blink.
 Y - an uncursed ring of resist corrosion
Wands
 D - a wand of polymorph (15)
 H - a wand of iceblast (9)
 L - a wand of enslavement (10)
 M - a wand of paralysis (13)
 S - a wand of flame (60) (quivered)
 V - a wand of acid (2)
Scrolls
 d - 4 scrolls of enchant weapon
 e - 7 scrolls of teleportation
 j - a scroll of fear {unknown}
 k - 4 scrolls of fog
 l - 6 scrolls of enchant armour
 n - a scroll of holy word
 p - 4 scrolls of immolation
 r - 5 scrolls of blinking
 z - a scroll of summoning
 G - 8 scrolls of remove curse
 N - a scroll of brand weapon
 R - 2 scrolls of silence
 U - a scroll of amnesia
Potions
 a - 3 potions of heal wounds {unknown}
 b - 2 potions of magic
 i - 3 potions of flight
 m - 3 potions of curing
 q - 4 potions of might
 t - 3 potions of brilliance
 v - a potion of berserk rage
 w - a potion of cancellation {unknown}
 B - a potion of resistance {unknown}
 F - 3 potions of ambrosia
 I - 2 potions of haste
 J - a potion of invisibility
 T - 2 potions of attraction
Books
 h - a manual of Evocations


   Skills:
 + Level 15.6 Fighting
 + Level 16.9 Maces & Flails
 - Level 7.0 Armour
 - Level 5.0 Shields
 - Level 10.8 Evocations


You had 14 spell levels left.
You didn't know any spells.
Your spell library contained the following spells:

 Spells                   Type           Power        Failure   Level
 Animate Skeleton         Necr           0%           98%         1
 Apportation              Tloc           0%           98%         1
 Beastly Appendage        Tmut           0%           98%         1
 Corona                   Hex            0%           98%         1
 Foxfire                  Conj/Fire      0%           98%         1
 Freeze                   Ice            0%           98%         1
 Magic Dart               Conj           0%           98%         1
 Summon Small Mammal      Summ           0%           98%         1
 Blink                    Tloc           N/A          99%         2
 Call Imp                 Summ           0%           99%         2
 Ensorcelled Hibernation  Hex/Ice        0%           99%         2
 Searing Ray              Conj           0%           99%         2
 Wereblood                Tmut           0%           99%         2
 Call Canine Familiar     Summ           0%           100%        3
 Confusing Touch          Hex            0%           100%        3
 Dazzling Flash           Conj/Hex       0%           100%        3
 Frozen Ramparts          Ice            0%           100%        3
 Gell's Gravitas          Tloc           0%           100%        3
 Lesser Beckoning         Tloc           0%           100%        3
 Ozocubu's Armour         Ice            0%           100%        3
 Portal Projectile        Hex/Tloc       0%           100%        3
 Spider Form              Tmut/Pois      0%           100%        3
 Static Discharge         Conj/Air       0%           100%        3
 Summon Guardian Golem    Hex/Summ       0%           100%        3
 Teleport Other           Tloc           0%           100%        3
 Tukima's Dance           Hex            0%           100%        3
 Cause Fear               Hex            0%           100%        4
 Hailstorm                Conj/Ice       0%           100%        4
 Ice Form                 Ice/Tmut       0%           100%        4
 Passage of Golubria      Tloc           N/A          100%        4
 Sticky Flame             Conj/Fire      0%           100%        4
 Summon Ice Beast         Ice/Summ       0%           100%        4
 Summon Lightning Spire   Summ/Air       0%           100%        4
 Blade Hands              Tmut           0%           100%        5
 Lightning Bolt           Conj/Air       0%           100%        5
 Metabolic Englaciation   Hex/Ice        0%           100%        5
 Conjure Ball Lightning   Conj/Air       0%           100%        6
 Dispersal                Tloc           0%           100%        6
 Freezing Cloud           Conj/Ice/Air   0%           100%        6
 Ozocubu's Refrigeration  Ice            0%           100%        6
 Simulacrum               Ice/Necr       0%           100%        6
 Disjunction              Tloc           0%           100%        8
 Ignition                 Fire           0%           100%        8
 Shatter                  Erth           0%           100%        9
 Tornado                  Air            0%           100%        9


Dungeon Overview and Level Annotations

Branches:
Dungeon (15/15)            Temple (1/1) D:4            Lair (6/6) D:8
 Shoals (0/4) Lair:2       Spider (1/4) Lair:4        Slime (0/5) Lair:5
    Orc (0/2) D:11         Vaults (0/5) D:13         Depths (0/5) D:15
 Bailey (visited)

Altars:
Ashenzari
Cheibriados
Dithmenos
Elyvilon
Fedhas
Gozag
Hepliaklqana
Kikubaaqudgha
Makhleb
Nemelex Xobeh
Okawaru
Qazlal
Ru
Sif Muna
Trog
Uskayaw
Vehumet
Wu Jian
Xom
Yredelemnul
Zin
The Shining One

Shops:
D:9 =[*(   D:13 [

Annotations:
D:8 1 runed translucent door, sipior's ghost, novice OpCj
Lair:2 exclusion: 4 oklob plants
Lair:3 Murgh's ghost, journeyman MiBe


Innate Abilities, Weirdness & Mutations

You are completely covered in rugged brown scales. (AC +3, +7% HP)
You have supernaturally acute eyesight. (SInv)
Armour fits poorly on your strangely shaped body.
You can roll at nearby foes to attack.
You have a long armoured tail.
You curl defensively after being hit.


Message History

* * * LOW HITPOINT WARNING * * *
The jumping spider bites you but does no damage.
An orb of destruction comes into view.
You struggle to detach yourself from the web.
You feel sick. The tarantella barely misses you.
The jumping spider pounces on you!
* * * LOW HITPOINT WARNING * * *
You are even more entangled.
The jumping spider bites you but does no damage.
The tarantella bites you.
* * * LOW HITPOINT WARNING * * *
You are more confused.
The orb spider pulsates with a strange energy.
Okay, then.
The web tears apart.
You feel sick.
The jumping spider pounces on you but does no damage.
The jumping spider bites you.
* * * LOW HITPOINT WARNING * * *
The orb of destruction hits you!!
You die...

........# ....
........## ....$#....
.?^##..!# #........
##.##..# ####^......
.#......###.##......#
^.:.......^.......... .#
.......##...#.#...# ...#
........##.#$$.s#.#....#
####.######.#<#s@...#..
### ###.##.☼.......#
#.....☼........#
###..s##.......#
#^.#..##......#
#.####...#....# #.
........# ## .......#
.......


You could see an orb spider (charged), a jumping spider and a tarantella.

Vanquished Creatures
  Gastronok (D:11)
  Frances (D:12)
  A very ugly thing (D:15)
  The ghost of Epsin the Fighter, a journeyman MiFi of Okawaru (D:15)
  A minotaur (Lair:4)
  2 fire dragons (D:15)
  An ice dragon (D:15)
  A yaktaur captain (D:15)
  11 hydras
  8 vault guards (D:13)
  4 death yaks
  3 two-headed ogres
  A boulder beetle (Lair:3)
  5 centaur warriors (D:15)
  A tengu warrior (D:14)
  Nergalle (D:11)
  An unseen horror (D:10)
  4 lindwurms (Lair:6)
  3 wizards
  An orb spider (shapeshifter) (D:15)
  An orc knight (Bailey)
  A wolf spider zombie (D:15)
  4 wolf spiders (Lair:4)
  4 ugly things
  5 deep elf magi
  2 cyclopes
  3 elephants
  A manticore (D:15)
  2 centaur zombies
  4 black mambas
  11 cane toads
  Maggie (D:7)
  A gargoyle (D:15)
  2 rime drakes (Lair:6)
  3 centaur skeletons
  An efreet (D:14)
  7 komodo dragons
  A tengu conjurer (D:14)
  2 polar bears (Lair:6)
  7 trolls
  A wolf spider simulacrum (D:15)
  4 hornets (Lair:6)
  24 blink frogs
  6 dream sheep (Lair:6)
  5 slime creatures
  12 spriggans
  5 wyverns
  Sigmund (D:3)
  A shadow (D:14)
  5 redbacks
  A vampire (D:12)
  4 wraiths
  53 yaks
  2 vampire mosquitoes (D:12)
  A steam dragon (Lair:4)
  A soldier ant (D:12)
  An acid dragon (D:13)
  11 water moccasins
  Duvessa (D:5)
  A floating eye (Lair:2)
  10 orc warriors
  3 ice beasts
  10 black bears
  5 ogres
  9 sky beasts
  8 boggarts
  3 phantoms
  14 centaurs
  29 wolves
  3 big kobolds
  A wyvern zombie (D:15)
  23 bullfrogs
  Dowan (D:5)
  3 scorpions
  A water moccasin zombie (D:6)
  10 killer bees
  19 wights
  6 howler monkeys
  6 jellies
  An iron imp (D:5)
  5 hounds
  3 bullfrog skeletons
  13 orc priests
  A quasit (D:14)
  14 orc wizards
  7 iguanas
  Natasha (thrice) (D:3)
  Terence (D:3)
  5 worker ants
  A killer bee zombie (D:6)
  A hound zombie (D:5)
  2 hound skeletons
  A worker ant zombie (D:7)
  9 gnolls
  14 adders
  A howler monkey skeleton (D:6)
  3 white imps
  An ufetubus (D:4)
  4 oozes (Lair:5)
  3 adder skeletons
  3 adder zombies
  4 worms
  A dart slug (D:3)
  6 leopard geckos
  51 orcs
  7 giant cockroaches
  12 goblins
  9 hobgoblins
  8 jackals
  38 kobolds
  3 quokkas
  4 ball pythons
  2 ball python skeletons (D:4)
  18 bats
  4 frilled lizards
  A leopard gecko skeleton (D:4)
  6 rats
689 creatures vanquished.

Vanquished Creatures (others)
  A komodo dragon (Lair:5)
  A yak (Lair:5)
  An orc wizard (D:14)
  64 fungi
  95 plants
162 creatures vanquished.

Grand Total: 851 creatures vanquished

Notes
Turn   | Place    | Note
-------+----------+-------------------------------------------
     0 | D:1      | Qrupt the Palentonga Fighter began the quest for the Orb.
     0 | D:1      | Reached XP level 1. HP: 20/20 MP: 1/1
    99 | D:1      | You fall into a shaft and drop 1 floor!
   365 | D:1      | Reached XP level 2. HP: 27/27 MP: 2/2
  1055 | D:2      | Found a faded altar of an unknown god.
  1100 | D:2      | Reached XP level 3. HP: 29/33 MP: 3/3
  1283 | D:2      | Reached skill level 3 in Maces & Flails
  1726 | D:2      | Noticed a sky beast
  1736 | D:2      | Killed a sky beast
  1737 | D:2      | Reached XP level 4. HP: 43/43 MP: 4/4
  1737 | D:2      | Reached XP level 5. HP: 50/50 MP: 5/5
  1748 | D:2      | Reached skill level 4 in Maces & Flails
  1985 | D:3      | Noticed Sigmund
  2558 | D:3      | Reached skill level 5 in Fighting
  2774 | D:3      | Killed Sigmund
  2775 | D:3      | Reached skill level 5 in Maces & Flails
  2775 | D:3      | Reached XP level 6. HP: 48/59 MP: 6/6
  3240 | D:3      | Noticed Terence
  3244 | D:3      | Killed Terence
  3537 | D:3      | Noticed Natasha
  3545 | D:3      | Killed Natasha
  3674 | D:3      | Noticed Natasha
  3682 | D:3      | Killed Natasha
  3683 | D:3      | Gained mutation: You curl defensively after being hit.
                  | [Palentonga growth]
  3683 | D:3      | Reached XP level 7. HP: 54/67 MP: 7/7
  3879 | D:3      | Noticed Natasha
  3886 | D:3      | Killed Natasha
  4515 | D:4      | Found a staircase to the Ecumenical Temple.
  4536 | Temple   | Entered the Ecumenical Temple
  4848 | Temple   | Became a worshipper of Gozag Ym Sagoz the Greedy
  5098 | D:5      | Entered Level 5 of the Dungeon
  5126 | D:4      | Reached skill level 6 in Maces & Flails
  5302 | D:5      | Noticed Duvessa
  5596 | D:5      | Noticed Dowan
  6502 | D:5      | Killed Duvessa
  6503 | D:5      | Reached skill level 7 in Maces & Flails
  6503 | D:5      | Reached XP level 8. HP: 63/78 MP: 8/8
  6521 | D:5      | Killed Dowan
  7236 | D:5      | Found a snail-covered altar of Cheibriados.
  8100 | D:6      | Reached skill level 8 in Maces & Flails
  8786 | D:6      | Got a ripped robe
  8797 | D:6      | Identified the +0 robe of the Armadillo {Rampage *Slow
                  | rElec} (You found it on level 6 of the Dungeon)
  9014 | D:7      | Reached XP level 9. HP: 81/87 MP: 9/9
  9269 | D:7      | Reached skill level 9 in Maces & Flails
  9694 | D:7      | Noticed a cyclops
  9971 | D:7      | Noticed Maggie
  9991 | D:7      | Killed Maggie
  9992 | D:7      | Reached skill level 10 in Fighting
 10392 | D:8      | Reached skill level 10 in Maces & Flails
 10789 | D:8      | Found a runed translucent door.
 10789 | D:8      | Found a shimmering altar of Xom.
 10789 | D:8      | Noticed sipior's ghost (novice OpCj)
 10789 | D:8      | Noticed a +0 short sword of chaos
 10980 | D:8      | Reached XP level 10. HP: 91/100 MP: 10/10
 11814 | D:8      | Found a staircase to the Lair.
 12146 | D:9      | Found Iqiheny's Antique Weapon Boutique.
 12171 | D:9      | Reached skill level 1 in Evocations
 12176 | D:9      | Reached skill level 11 in Maces & Flails
 12604 | D:9      | Found Cuong's Jewellery Boutique.
 12623 | D:9      | Bought the ring "Xejal" {+Blink rPois rN+ Str+2} for 551
                  | gold pieces
 12638 | D:9      | Found Ixiaric's Armour Shop.
 12843 | D:9      | Found Judugan's General Store.
 12851 | D:9      | Bought a scroll of blinking for 105 gold pieces
 12882 | D:9      | Found a hazy altar of Hepliaklqana.
 12956 | D:10     | Entered Level 10 of the Dungeon
 13680 | D:10     | Noticed a green ugly thing
 13850 | D:10     | Noticed an unseen horror
 13878 | D:10     | Killed an unseen horror
 13892 | D:10     | Reached XP level 11. HP: 51/109 MP: 8/11
 14478 | D:10     | Killed a brown ugly thing
 15368 | D:11     | Noticed Gastronok
 15450 | Lair:1   | Entered Level 1 of the Lair of Beasts
 15463 | Lair:1   | Reached skill level 5 in Armour
 15465 | Lair:1   | Reached skill level 12 in Maces & Flails
 15658 | Lair:1   | Reached skill level 5 in Evocations
 15857 | Lair:1   | Found a snail-covered altar of Cheibriados.
 17041 | Lair:2   | Found a staircase to the Shoals.
 17083 | Lair:2   | Noticed an oklob plant
 17083 | Lair:2   | Noticed an oklob plant
 17083 | Lair:2   | Noticed an oklob plant
 17083 | Lair:2   | You fall into a shaft and drop 1 floor!
 17401 | Lair:3   | Noticed a six-headed hydra
 17847 | Lair:2   | Reached skill level 13 in Maces & Flails
 18832 | Lair:2   | Noticed an oklob plant
 18964 | Lair:2   | Reached XP level 12. HP: 89/117 MP: 9/12
 19065 | Lair:3   | Noticed a five-headed hydra
 19073 | Lair:3   | Noticed a boulder beetle
 19074 | Lair:3   | Killed a five-headed hydra
 19120 | Lair:3   | Killed a boulder beetle
 19340 | Lair:3   | Killed a six-headed hydra
 19590 | Lair:3   | Noticed a four-headed hydra
 19599 | Lair:3   | Killed a four-headed hydra
 19970 | Lair:3   | You fall into a shaft and drop 1 floor!
 20276 | Lair:4   | Found a runed translucent gate.
 20276 | Lair:4   | Found a runed translucent gate.
 20277 | Lair:4   | Found a runed translucent gate.
 20278 | Lair:4   | Noticed a minotaur
 20282 | Lair:4   | Noticed Murgh's ghost (journeyman MiBe)
 20379 | Lair:4   | Noticed a six-headed hydra
 20388 | Lair:4   | Killed a six-headed hydra
 20836 | Lair:4   | Noticed a death yak
 20836 | Lair:4   | Noticed a death yak
 20837 | Lair:4   | Noticed a death yak
 20864 | Lair:4   | Killed a death yak
 21009 | Lair:4   | Noticed a seven-headed hydra
 21020 | Lair:4   | Killed a seven-headed hydra
 21115 | Lair:4   | Noticed a death yak
 21125 | Lair:4   | Reached skill level 5 in Shields
 21406 | Lair:3   | Noticed a seven-headed hydra
 21412 | Lair:3   | Killed a seven-headed hydra
 22014 | Lair:4   | Killed a death yak
 22402 | Lair:3   | Killed a death yak
 22738 | Lair:4   | Reached skill level 10 in Evocations
 23143 | Lair:4   | Reached XP level 13. HP: 98/124 MP: 13/13
 23571 | Lair:4   | HP: 6/124 [poisoned by a wolf spider]
 23576 | Lair:4   | HP: 4/124 [poisoned by a wolf spider]
 23583 | Lair:4   | HP: 4/124 [poisoned by a wolf spider]
 23590 | Lair:4   | HP: 4/124 [poisoned by a wolf spider]
 23598 | Lair:4   | HP: 4/124 [poisoned by a wolf spider]
 24101 | Lair:4   | Found a hole to the Spider Nest.
 24452 | Lair:4   | Killed a minotaur
 25496 | Lair:5   | Found a staircase to the Slime Pits.
 27564 | Lair:6   | Entered Level 6 of the Lair of Beasts
 28262 | Lair:6   | Reached skill level 14 in Maces & Flails
 29580 | Lair:6   | Reached XP level 14. HP: 101/135 MP: 11/14
 30168 | Lair:6   | Paralysed by a hornet for 2 turns
 31197 | Lair:6   | Got a spiked chain mail
 31208 | Lair:6   | Identified the cursed +1 chain mail of the Falcon {Str+5}
                  | (You found it on level 6 of the Lair of Beasts)
 31211 | Lair:6   | Identified the Incunabulum of Hurtful Transmutation
 31880 | D:11     | Noticed Nergalle
 31889 | D:11     | Killed Nergalle
 32104 | D:11     | Found a staircase to the Orcish Mines.
 32374 | D:12     | Reached skill level 15 in Maces & Flails
 32871 | D:12     | Identified the Tome of Fate
 33091 | D:12     | You fall into a shaft and drop 2 floors!
 33134 | D:14     | Found a flagged portal.
 33150 | Bailey   | Entered a bailey
 33984 | D:14     | Found the +8 arc blade {discharge, rElec}
 34721 | D:13     | Found a gate to the Vaults.
 35388 | D:13     | Found Fycej's Armour Emporium.
 35457 | D:13     | Reached skill level 16 in Maces & Flails
 35467 | D:13     | HP: 4/142 [wolf spider simulacrum (24)]
 36900 | D:12     | Noticed Frances
 36910 | D:12     | Killed Frances
 37498 | D:11     | Killed Gastronok
 37499 | D:11     | Reached XP level 15. HP: 130/148 MP: 15/15
 37738 | Spider:1 | Entered Level 1 of the Spider Nest
 38079 | D:12     | Identified 2 scrolls of acquirement
 38085 | D:12     | Acquired a manual of Evocations
 38098 | D:12     | Acquired the ring "Ofiason" {*Contam rF+ rC+ Str+7 Int-5}
 38156 | D:15     | Entered Level 15 of the Dungeon
 38324 | D:15     | Found the +9 staff of Wucad Mu {*channel}
 38487 | D:15     | Found a runed translucent gate.
 38491 | D:15     | Reached skill level 15 in Fighting
 38491 | D:15     | Found a runed translucent gate.
 38491 | D:15     | Noticed Epsin's ghost (journeyman MiFi)
 38492 | D:15     | Found a runed translucent gate.
 39015 | D:15     | Found a staircase to the Depths.
 39334 | D:15     | HP: 10/225 [disintegration (34)]
 39350 | D:15     | HP: 5/150 [disintegration (12)]
 39887 | D:15     | Got a faintly glowing leather armour
 39973 | D:15     | Killed Epsin's ghost
 40572 | D:15     | Got a brightly glowing helmet
 40583 | D:15     | Identified the +0 helmet "Soischaw" {Int+4} (You found it
                  | on level 15 of the Dungeon)
 41320 | Spider:1 | Blown up by an orb spider

Illustrated notes

Levels and vault maps discovered:
D:1:      dpeg_arrival_more_subterranean_lakeside_camping, layout_basic
D:2:      layout_basic, chequers_ecumenical_altar_simple_redux,
          serial_bayou_pond_e, minmay_tromino_i4
D:3:      layout_rooms, uniq_sigmund, uniq_natasha, uniq_terence
D:4:      layout_loops_ring, minmay_temple_entry_nine_rooms
D:5:      layout_basic, chei_slow_surprise, uniq_duvessa
D:6:      layout_basic, roderic_batcave
D:7:      layout_basic, uniq_maggie
D:8:      layout_rooms, david_lair_shrubbed, serial_corexii_hall,
          corexii_hall_statues_deadend, corexii_hall_statues_i,
          corexii_hall_statues_t, corexii_hall_statues_i, ebering_ghost_xom
D:9:      layout_loops_ring, lemuel_round_altar, serial_shops,
          nicolae_shop_trees, shop, nicolae_shop_waterfront, shop,
          lightli_orcish_oven
D:10:     layout_cave_pods, st_stairs_10
D:11:     layout_irregular_city, orc_david_3, uniq_nergalle, uniq_gastronok
D:12:     cheibrodos_lost_city_excavation, layout_irregular_city, uniq_frances
D:13:     layout_stronghold, erik_vaults_2, serial_shops, shop
D:14:     layout_irregular_city, enter_bailey_6, minmay_misc_feat_plants
D:15:     grunt_enter_depths_hoard, layout_rooms, nrook_mini_vaults,
          gammafunk_ghost_tricky_traps, minivault_12
Temple:   nicolae_temple_the_god_donut
Lair:1:   layout_small_grid, basic_altar, beast_lair_carwin_3
Lair:2:   layout_chaotic_city, minmay_shoals_entry_centaurs, disabler_island,
          grunt_megastairs_1, infiniplex_staircase_pool
Lair:3:   layout_cave_pods, cheibrodos_lair_reptile_den, grunt_megastairs_4
Lair:4:   layout_concentric_octagons, spider_nest_entry_funnel_web,
          maelrawn_ghost_gauntlet_escape
Lair:5:   layout_cave_pods, nicolae_slime_entry_slimehenge
Lair:6:   minmay_lair_end_enchanted_forest, layout_loops_ring,
          minmay_lindwurm_lava
Spider:1: layout_spider_delve, hangedman_spider_tarantella_strand, uniq_jorgrun

Skill      XL: |  1  2  3  4  5  6  7  8  9 10 11 12 13 14 15 |
---------------+----------------------------------------------+-----
Maces & Flails | 3 5 7 8 10 11 13 14 16 | 16.9
Fighting       | 4 5 6 7 8 10 11 12 14 15 | 15.6
Evocations     | 3 7 10 | 10.8
Armour         | 4 5 7 |  7.0
Shields        | 5 |  5.0

Action                   |  1- 3 |  4- 6 |  7- 9 | 10-12 | 13-15 || total
-------------------------+-------+-------+-------+-------+-------++-------
Melee: Flail             |   116 |   148 |   478 |   834 |  1282 ||  2858
       Tailslap          |    11 |    11 |    87 |   189 |   342 ||   640
       Morningstar       |       |       |       |       |   199 ||   199
Invok: Potion Petition   |       |       |       |       |     1 ||     1
 Abil: Rolling Charge    |       |     2 |     7 |     4 |     2 ||    15
       Evoke Blink       |       |       |       |     1 |    42 ||    43
Evoke: Wand              |       |       |     2 |    50 |    31 ||    83
  Use: Scroll            |       |     3 |     6 |     4 |    23 ||    36
       Potion            |       |       |     4 |     4 |     9 ||    17
 Stab: Distracted        |       |       |     4 |     5 |     6 ||    15
       Confused          |       |       |       |     1 |       ||     1
       Paralysed         |       |       |       |     5 |     4 ||     9
       Invisible         |       |       |       |       |     1 ||     1
Armor: Scale mail        |    67 |    78 |   185 |   391 |   298 ||  1019
       Skin              |       |       |       |     7 |    97 ||   104
       Chain mail        |       |       |       |       |   272 ||   272
Dodge: Dodged            |    29 |    50 |    90 |   178 |   273 ||   620
Block: Kite shield       |    56 |    97 |   224 |   395 |   711 ||  1483
